AoeStats
← TanJojoMojo

Nomad

508685076Analyzed
4v4 RM · 10d ago on Sep 23, 2026· 55m 6s· 8 players
Game mode
Random Map
Map size
231×231
Population
200
Speed
Normal
Resources
Standard
Victory
Conquest
Starting age
Dark Age
Ending age
Imperial Age
RankedLock teamsTeams togetherTeam positionsShared explorationLock speedFull tech treeHidden civsTurbo modeCheats
Victory
Defeat
🇻🇳 Vietnamese · Vietnam
1096
+14
🇦🇷 Chinese · Argentina
1066
+15
🇮🇪 Vikings · Ireland
973
+20
🇩🇪 Wei · Germany
947
+21
🇿🇦 Japanese · South Africa
1079
-19
🇪🇸 Spanish · Spain
1058
-18
🇧🇷 Danes · Brazil
1030
-17
🇮🇹 Italians · Italy
1023
-16
TanJojoMojo
5:05 Loom
13:48 Feudal Age
15:14 Double-Bit Axe
19:30 Wheelbarrow
MABragadin
9:38 Loom
15:08 Feudal Age
15:37 Town Watch
15:47 Gold Mining
15:46 Double-Bit Axe
15:48 Fishing Lines
21:50 Castle Age
21:41 Bloodlines
21:48 Forging
21:31 Stone Mining
22:41 Scale Barding Armor
22:55 Medium Warships
23:09 Bow Saw
22:43 Demolition Ship
24:10 Light Cavalry
25:23 Treadmill Crane
27:01 Wheelbarrow
27:37 Fletching
29:13 Stone Shaft Mining
30:02 Thumb Ring
29:54 Bodkin Arrow
33:23 Murder Holes
33:52 Padded Archer Armor
34:32 Masonry
37:30 Leather Archer Armor
41:49 Ballistics
Straat Kat
5:18 Loom
14:14 Feudal Age
19:01 Castle Age
17:34 Double-Bit Axe
18:00 Horse Collar
22:13 Wheelbarrow
22:35 Bow Saw
24:38 Fishing Lines
25:26 Scale Mail Armor
28:00 Guard Tower
29:19 Fletching
31:26 Bodkin Arrow
32:27 Ballistics
40:33 Imperial Age
38:19 Hand Cart
39:05 Chain Mail Armor
39:00 Forging
40:38 Arson
40:54 Squires
41:54 Iron Casting
42:44 Plate Mail Armor
43:44 Keep
42:55 Arrowslits
43:22 Masonry
42:52 Treadmill Crane
43:44 Bracer
45:06 Conscription
46:59 Blast Furnace
49:08 Elite Samurai
55:11 Town Watch
Caduzera
11:20 Loom
14:08 Feudal Age
17:28 Man-at-Arms
22:23 Castle Age
22:40 Long Swordsman
24:05 Scale Mail Armor
24:16 Forging
28:24 Double-Bit Axe
28:26 Horse Collar
33:54 Imperial Age
32:32 Chain Mail Armor
34:02 Capped Ram
34:09 Two-Handed Swordsman
36:39 Gold Mining
38:27 Champion
40:23 Gambesons
41:16 Siege Ram
43:56 Hamask
52:33 Elite Jomsviking
Osman1453
4:54 Loom
16:43 Feudal Age
17:10 Double-Bit Axe
17:18 Gold Mining
17:11 Horse Collar
17:27 Stone Mining
17:34 Fishing Lines
22:14 Castle Age
21:41 Fletching
21:52 Padded Archer Armor
22:46 Gillnets
23:08 Medium Warships
23:20 Bow Saw
23:16 Heavy Plow
23:54 Gold Shaft Mining
23:55 Stone Shaft Mining
24:01 Bodkin Arrow
27:17 Ballistics
26:52 Murder Holes
26:38 Treadmill Crane
30:48 Leather Archer Armor
34:38 Imperial Age
36:07 Town Watch
38:10 Chemistry
39:16 Parthian Tactics
40:15 Husbandry
40:25 Bloodlines
40:50 Bracer
44:00 Ring Archer Armor
48:45 Town Patrol
52:46 Heavy Warships
Jackbrick
6:25 Loom
6:33 Loom
14:21 Feudal Age
14:50 Double-Bit Axe
14:54 Fishing Lines
20:25 Castle Age
18:56 Horse Collar
21:27 Bow Saw
22:05 Scale Mail Armor
22:54 Forging
22:50 Gillnets
24:05 Chain Mail Armor
25:12 Heavy Plow
29:46 Squires
31:08 Gold Mining
34:25 Imperial Age
33:48 Iron Casting
34:23 Fletching
34:44 Elite Longship
34:55 Elite Berserk
36:39 Chieftains
37:35 Gold Shaft Mining
38:06 Crop Rotation
39:33 Two-Man Saw
38:53 Caravan
38:34 Elite Varangian Guard
40:09 Conscription
41:49 Blast Furnace
41:27 Plate Mail Armor
44:36 Man-at-Arms
45:31 Arson
46:16 Capped Ram
46:34 Pikeman
46:39 Long Swordsman
48:15 Heavy Scorpion
49:19 Siege Engineers
50:25 Chemistry
49:27 Two-Handed Swordsman
50:06 Champion
54:00 Town Watch
55:17 Fortified Wall
54:50 Treadmill Crane
54:55 Arrowslits
54:51 Siege Ram
Súp gà noob 1000kg
9:33 Loom
13:11 Feudal Age
14:05 Double-Bit Axe
19:55 Castle Age
18:42 Stone Mining
21:49 Fletching
22:39 Bow Saw
23:16 Wheelbarrow
23:10 Town Watch
24:57 Gold Mining
27:43 Padded Archer Armor
27:51 Bodkin Arrow
30:50 Crossbowman
32:10 Thumb Ring
33:17 Leather Archer Armor
34:50 Town Patrol
39:22 Horse Collar
41:47 Murder Holes
42:50 Hand Cart
46:24 Imperial Age
44:38 Ballistics
48:46 Imperial Age
47:01 Masonry
50:49 Chemistry
49:43 Guard Tower
49:32 Elite Rattan Archer
50:00 Elite Rattan Archer
53:50 Bracer
55:00 Capped Ram
血手人屠
3:26 Loom
16:35 Feudal Age
21:25 Castle Age
20:18 Double-Bit Axe
20:27 Stone Mining
20:23 Horse Collar
23:00 Bow Saw
32:38 Wheelbarrow
33:54 Heavy Plow
37:30 Hand Cart
38:24 Fletching
38:35 Padded Archer Armor
39:01 Bodkin Arrow
39:36 Gold Mining
40:22 Stone Shaft Mining
40:07 Leather Archer Armor
43:36 Imperial Age
42:50 Gold Shaft Mining
44:22 Ballistics
43:58 Murder Holes
45:17 Chemistry
44:55 Ring Archer Armor
44:25 Bracer
44:51 Conscription
45:10 Elite Chu Ko Nu
55:00 Thumb Ring
56:14 Two-Man Saw
Connection lost

Rejoining the realm…

Still unreachable

The connection could not be restored.

Session expired

The server has moved on; the page needs a fresh start.